 Dungeon Crawl Stone Soup version 0.20-a0-960-ge493e74 (webtiles) character file.

85 Murumi the Sneak (level 4, 26/26 HPs)
             Began as a Deep Elf Earth Elementalist on Apr 7, 2017.
             Quit the game on level 3 of the Dungeon.
             The game lasted 00:18:24 (2653 turns).

Murumi the Sneak (Deep Elf Earth Elementalist)      Turns: 2653, Time: 00:18:24

Health: 26/26      AC:  3    Str:  5    XL:     4   Next: 25%
Magic:  10/10      EV: 13    Int: 21    God:
Gold:   170        SH:  0    Dex: 15    Spells: 7/9 levels left

rFire    . . .     SeeInvis .   h - +0 short sword (curse)
rCold    . . .     Gourm    .   (no shield)
rNeg     . . .     Faith    .   c - +0 robe
rPois    .         Spirit   .   a - +0 helmet
rElec    .         Reflect  .   (no cloak)
rCorr    .         Harm     .   (no gloves)
MR       .....                  (no boots)
Stlth    +++.......             (no amulet)
Regen    0.1/turn               (no ring)
MPRegen  0.2/turn               (no ring)

@: no status effects
A: no striking features
a: no special abilities


You were on level 3 of the Dungeon.
You were not hungry.

You visited 1 branch of the dungeon, and saw 3 of its levels.

You collected 170 gold pieces.

Inventory:

Hand Weapons
 h - a cursed +0 short sword (weapon)
Missiles
 b - 32 stones (quivered)
Armour
 a - a +0 helmet (worn)
 c - a +0 robe (worn)
Scrolls
 k - 2 scrolls of magic mapping
Potions
 g - 2 potions of curing
 i - a potion of flight
 j - a potion of cancellation
 l - 2 potions of resistance {unknown}
 n - 2 potions of lignification {unknown}
Books
 e - a book of Geomancy

   Spells                             Type                      Level
   a - Sandblast                      Earth                        1
   b - Passwall                       Transmutation/Earth          2
   c - Stone Arrow                    Conjuration/Earth            3
   d - Petrify                        Transmutation/Earth          4
   e - Lee's Rapid Deconstruction     Earth                        5
 m - a book of Cantrips

   Spells                             Type                      Level
   a - Confusing Touch                Hexes                        1
   b - Animate Skeleton               Necromancy                   1
   c - Summon Small Mammal            Summoning                    1
   d - Apportation                    Translocation                1
Comestibles
 d - a bread ration
 f - a fruit
 o - a royal jelly


   Skills:
 - Level 2.0 Fighting
 - Level 3.0 Dodging
 - Level 4.0 Stealth
 + Level 3.2 Spellcasting
   Level 1.1 Transmutations
 - Level 3.2 Earth Magic


You had 7 spell levels left.
You knew the following spells:

 Your Spells              Type           Power        Failure   Level  Hunger
a - Sandblast             Erth           ###...       3%          1    None
b - Apportation           Tloc           #.....       14%         1    None


Dungeon Overview and Level Annotations

Branches:
Dungeon (3/15)

Altars:
Elyvilon


Message History

Okay, then.
You hit the adder.
You kill the adder!
You feel sick.
You see here an adder corpse.
You butcher the adder corpse.
You feel sick.
p - a chunk of flesh You start resting.
Eating a chunk of flesh.
You eat the chunk of flesh.
This raw flesh tastes terrible.
You feel sick.
Magic restored.
You start resting.
You feel sick. x4
You are no longer poisoned.
You start resting.
HP restored.
Found 14 bolts.
You now have 170 gold pieces (gained 7).
You open the door.
Found a white marble altar of Elyvilon.
Are you sure you want to abandon this character and quit the game? (Confirm with "yes".)

#.##.# #.##.#
####.##.########
^..............#
##############.#####
###.#...###
#.........#
#.###.###.# ### #.
#@# ..# # #'# #.#
#_+ #.# ##+# #.# #<#
#.# ..# #.## #.


There were no monsters in sight!

Vanquished Creatures
  2 adders
  An ooze (D:1)
  2 worms (D:2)
  2 dart slugs (D:2)
  8 giant cockroaches
  8 hobgoblins
  6 jackals
  2 kobolds (D:1)
  A ball python (D:1)
  3 bats (D:1)
  2 frilled lizards
  7 goblins
  4 rats
48 creatures vanquished.

Notes
Turn   | Place    | Note
-------+----------+-------------------------------------------
     0 | D:1      | Murumi the Deep Elf Earth Elementalist began the quest for the Orb.
     0 | D:1      | Reached XP level 1. HP: 10/10 MP: 6/6
     6 | D:1      | Noticed an anaconda
     6 | D:1      | Noticed a komodo dragon
     6 | D:1      | Noticed a lindwurm
     6 | D:1      | Noticed a wyvern
     6 | D:1      | Noticed a wolf
    67 | D:1      | Reached skill level 3 in Stealth
   108 | D:1      | Reached XP level 2. HP: 15/15 MP: 4/8
   285 | D:1      | Reached skill level 4 in Stealth
   556 | D:1      | Reached XP level 3. HP: 19/19 MP: 7/9
   958 | D:2      | Reached skill level 1 in Fighting
  1738 | D:2      | Reached XP level 4. HP: 26/26 MP: 10/10
  2306 | D:2      | Learned a level 1 spell: Apportation
  2652 | D:3      | Found a white marble altar of Elyvilon.
  2653 | D:3      | Quit the game

Vault maps used:
D:1:      onia_arrival_zoo_common, minmay_misc_feat_x, kennysheep_boxes
D:2:      minmay_goblin_outpost
D:3:      vehumet_crystals, lemuel_doored_altar, led_sif_book

Skill      XL: |  1  2  3  4 |
---------------+-------------+-----
Stealth        | 3 4 |  4.0
Dodging        | 3 |  3.0
Fighting       | 1 2 |  2.0
Spellcasting   | |  3.2
Transmutations | |  1.1
Earth Magic    | |  3.2

Action                   |  1- 3 |  4- 6 || total
-------------------------+-------+-------++-------
Melee: Short sword       |    50 |    40 ||    90
 Cast: Sandblast         |    45 |     2 ||    47
       Apportation       |       |     2 ||     2
  Use: Scroll            |     6 |       ||     6
 Stab: Sleeping          |    11 |       ||    11
  Eat: Chunk             |     2 |     3 ||     5
Armor: Robe              |     8 |     4 ||    12
Dodge: Dodged            |    38 |    33 ||    71
